Senateurs vs Red Wings

Created - 14 février 2022 at 16:10

Goals
1 2 3 T
Senateurs 1 0 0 1
Red Wings 3 0 0 3
Shots
1 2 3 T
Senateurs 10 17 8 35
Red Wings 13 16 4 33

GoalsPenalties
1st period
1. Senateurs , Mika Zibanejad 30 (Nathan MacKinnon 40, Patrick Kane 47) at 0:28
2. Red Wings , Dustin Brown 11 (Sean Walker 21, Derick Brassard 14) at 1:54
3. Red Wings , Jack Johnson 1 (Sean Couturier 35, Tyler Bertuzzi 17) at 3:55
4. Red Wings , Jack Johnson 2 (Gustav Nyquist 16, Conor Garland 25) at 5:13
Danny DeKeyser (DET) for Holding (Minor) at 6:47
Brian Elliott (OTT) for Slashing (Minor) at 18:56 - Jacob Trouba served the penalty.
2nd period
No Goal
Nathan MacKinnon (OTT) for Slashing (Minor) at 3:15
Sean Walker (DET) for Tripping (Minor) at 5:50
Tyler Bertuzzi (DET) for Hooking (Minor) at 13:56
Adam Pelech (OTT) for Tripping (Minor) at 13:56
Tyler Ennis (DET) for High sticking (Minor) at 16:38
Dustin Brown (DET) for Hooking (Minor) at 19:05
3rd period
No Goal
Paul Byron (OTT) for Slashing (Minor) at 1:12
Sean Walker (DET) for Interference (Minor) at 15:32
Goalie Stats
Brian Elliott (OTT), 30 saves from 33 shots - (0,909), L, 7-7-2, 60:00 minutes
Vitek Vanecek (DET), 34 saves from 35 shots - (0,971), W, 18-13-4, 60:00 minutes
3 StarsOfficial
1 - Jack Johnson (DET)
2 - Vitek Vanecek (DET)
3 - Sean Couturier (DET)
Referees : Mark Lemelin and Tom Chmielewski
Linesman : Michel Cormier and Vaughan Rody
Game Note
No Game Note



Team Name Goals Shots Shots Attemp Shots Blocked PIM HIT PP PK FO%
Senateurs 13571118250 / 5 (0%)045%
Red Wings 333591212230 / 3 (0%)055%

Senateurs
Player Name POS G A P +/- PIM HIT SHT SB MP PP MP PP SHT PK MP PK SHT FO% FOT
Adam LowryC0000013014:300:0003:22046% 24
Adam PelechD000-1230117:130:0003:2200% 0
Brandon MontourD000-1000120:284:3301:1600% 0
Brandon TanevLW/RW0000013014:460:0003:3800% 0
Brayden McNabbD000-2030216:240:0002:3500% 0
Brent BurnsD0001011223:375:2212:3500% 0
Filip HronekD000-2000119:094:3300:0000% 0
Jacob TroubaD0001024317:460:0002:0600% 0
Jake GuentzelLW000-1012118:085:2220:4400% 0
Mathew BarzalC000-1001017:064:1700:00060% 10
Michael BuntingLW/RW000-100105:370:0000:0000% 0
Mika ZibanejadC1010036020:125:3830:00033% 27
Nate ThompsonC/LW000-100005:370:0000:00057% 7
Nathan MacKinnonC/RW0110215020:115:3810:0000% 0
Nikolaj EhlersLW/RW0000002015:254:1710:0000% 2
Patrick KaneRW0110024019:475:3810:00050% 2
Paul ByronC/LW/RW000-121007:110:0001:350100% 2
Scott LaughtonC/LW000-1063018:544:1712:35044% 18
Red Wings
Player Name POS G A P +/- PIM HIT SHT SB MP PP MP PP SHT PK MP PK SHT FO% FOT
Conor GarlandLW/RW0111000015:012:4900:00050% 2
Danny DeKeyserD0001210116:030:0003:3700% 0
Darnell NurseD000-1000222:332:4005:1300% 0
Derick BrassardC/RW0111000013:020:0000:00069% 13
Drake CaggiulaC/LW/RW0000005010:590:0004:19064% 14
Dustin BrownRW1011204015:293:0810:0000% 0
Gustav NyquistC/LW/RW0111002014:333:0810:00056% 18
Jack JohnsonD2022022321:000:0005:1100% 0
Jakob ChychrunD000-1012318:502:4011:0500% 0
Jakub VranaLW/RW0000011016:023:0800:0000% 0
Kyle TurrisC/LW/RW000000206:400:0000:00040% 5
Miles WoodLW0001021017:580:0005:360100% 2
Nino NiederreiterLW/RW0001020015:440:0004:1900% 0
Oliver Ekman-LarssonD0002032224:373:1714:4400% 0
Sean CouturierC0110067121:262:4925:36050% 34
Sean WalkerD0111422016:543:1710:0000% 0
Tyler BertuzziLW/RW0110232014:302:4900:0000% 3
Tyler EnnisC/LW/RW000020106:390:0000:000100% 1

Senateurs

5 vs 5 Forward
Line #Left WingCenterRight WingPHYDFOFWanted %Time %Time Play
1Patrick KaneMika ZibanejadNathan MacKinnon0143132%13:22
2Mathew BarzalScott LaughtonJake Guentzel0232929%12:02
3Nikolaj EhlersAdam LowryBrandon Tanev1222726%11:08
4Michael BuntingNate ThompsonPaul Byron0321313%5:37
5 vs 5 Defense
Line #DefenseDefensePHYDFOFWanted %Time %Time Play
1Jacob TroubaBrent Burns0323634%14:28
2Adam PelechBrandon Montour0323233%13:52
3Brayden McNabbFilip Hronek0323133%13:49
4Brent BurnsJacob Trouba02310%0:00
Power Play Forward
Line #Left WingCenterRight WingPHYDFOFWanted %Time %Time Play
1Patrick KaneMika ZibanejadNathan MacKinnon0055757%5:38
2Nikolaj EhlersMathew BarzalScott Laughton0054343%4:17
Power Play Defense
Line #DefenseDefensePHYDFOFWanted %Time %Time Play
1Brent BurnsJake Guentzel1135054%5:22
2Filip HronekBrandon Montour1135046%4:33
Penalty Kill 4 Players Forward
Line #CenterWingPHYDFOFWanted %Time %Time Play
1Adam LowryBrandon Tanev1405557%3:22
2Scott LaughtonPaul Byron1404543%2:35
Penalty Kill 4 Players Defense
Line #DefenseDefensePHYDFOFWanted %Time %Time Play
1Adam PelechJacob Trouba1405057%3:22
2Brayden McNabbBrent Burns1405043%2:35
Penalty Kill 3 Players
Line #WingPHYDFOFWanted %Time %Time PlayDefenseDefensePHYDFOFWanted %Time %Time Play
1Adam Lowry140500%0:00 Adam PelechJacob Trouba140500%0:00
2Mika Zibanejad140500%0:00 Brayden McNabbBrent Burns140500%0:00
4 vs 4 Forward
Line #CenterWingPHYDFOFWanted %Time %Time Play
1Mika ZibanejadNathan MacKinnon0145561%1:12
2Mathew BarzalPatrick Kane0144539%0:47
4 vs 4 Defense
Line #DefensePHYDFOFWanted %Time %Time Play
1Brent BurnsJacob Trouba0415061%50% - 1:12
2Filip HronekBrandon Montour0415039%50% - 0:47
Last Minutes Offensive
Left WingCenterRight WingDefenseDefense
Patrick KaneMika ZibanejadNathan MacKinnonBrent BurnsFilip Hronek
Last Minutes Defensive
Left WingCenterRight WingDefenseDefense
Brandon TanevAdam LowryScott LaughtonBrayden McNabbJacob Trouba
Time
Total ForwardTotal DefenseLast Minutes OffensiveLast Minutes Defensive
60:00 60:00 0:000:00
Extra Forwards
Normal PowerPlayPenalty Kill
Nikolaj Ehlers, Brandon Tanev, Jake GuentzelMathew Barzal, Nathan MacKinnonBrandon Tanev
Extra Defensemen
Normal PowerPlayPenalty Kill
Adam Pelech, Filip Hronek, Brandon MontourJacob Trouba, Brandon MontourFilip Hronek
Penalty Shots
Patrick Kane, Mathew Barzal, Nathan MacKinnon, Mika Zibanejad, Jake Guentzel
Goalie
Brian Elliott, Jacob Markstrom
Custom OT Lines Forwards
Mika Zibanejad, Nathan MacKinnon, Mathew Barzal, Patrick Kane, Jake Guentzel, Nikolaj Ehlers, Adam Lowry, Scott Laughton, Brandon Tanev, Michael Bunting
Custom OT Lines Defensemen
Brent Burns, Jacob Trouba, Brandon Montour, Filip Hronek, Adam Pelech
Scratches
Matt Benning (Healthy), Jayce Hawryluk (Healthy)

Red Wings

5 vs 5 Forward
Line #Left WingCenterRight WingPHYDFOFWanted %Time %Time Play
1Jakub VranaSean CouturierTyler Bertuzzi1133028%11:42
2Nino NiederreiterGustav NyquistConor Garland1132727%11:25
3Miles WoodDerick BrassardDustin Brown1222729%12:22
4Tyler EnnisKyle TurrisDrake Caggiula1221616%6:40
5 vs 5 Defense
Line #DefenseDefensePHYDFOFWanted %Time %Time Play
1Darnell NurseJakob Chychrun1223633%13:53
2Oliver Ekman-LarssonJack Johnson0323638%15:49
3Sean WalkerDanny DeKeyser1222830%12:27
4Darnell NurseJakob Chychrun12200%0:00
Power Play Forward
Line #Left WingCenterRight WingPHYDFOFWanted %Time %Time Play
1Conor GarlandSean CouturierTyler Bertuzzi0055247%2:49
2Jakub VranaGustav NyquistDustin Brown0054853%3:08
Power Play Defense
Line #DefenseDefensePHYDFOFWanted %Time %Time Play
1Darnell NurseJakob Chychrun0145045%2:40
2Oliver Ekman-LarssonSean Walker0145055%3:17
Penalty Kill 4 Players Forward
Line #CenterWingPHYDFOFWanted %Time %Time Play
1Sean CouturierMiles Wood1135256%5:36
2Drake CaggiulaNino Niederreiter1134844%4:19
Penalty Kill 4 Players Defense
Line #DefenseDefensePHYDFOFWanted %Time %Time Play
1Darnell NurseJack Johnson1135252%5:11
2Oliver Ekman-LarssonDanny DeKeyser1134848%4:44
Penalty Kill 3 Players
Line #WingPHYDFOFWanted %Time %Time PlayDefenseDefensePHYDFOFWanted %Time %Time Play
1Sean Couturier050500%0:00 Darnell NurseJack Johnson050520%0:00
2Drake Caggiula050500%0:00 Oliver Ekman-LarssonDanny DeKeyser050480%0:00
4 vs 4 Forward
Line #CenterWingPHYDFOFWanted %Time %Time Play
1Sean CouturierJakub Vrana0235061%1:12
2Tyler BertuzziConor Garland0235039%0:47
4 vs 4 Defense
Line #DefensePHYDFOFWanted %Time %Time Play
1Darnell NurseOliver Ekman-Larsson0235039%50% - 0:47
2Jakob ChychrunSean Walker0235061%50% - 1:12
Last Minutes Offensive
Left WingCenterRight WingDefenseDefense
Jakub VranaSean CouturierConor GarlandDarnell NurseJakob Chychrun
Last Minutes Defensive
Left WingCenterRight WingDefenseDefense
Miles WoodSean CouturierDrake CaggiulaDarnell NurseJack Johnson
Time
Total ForwardTotal DefenseLast Minutes OffensiveLast Minutes Defensive
60:00 60:00 0:000:00
Extra Forwards
Normal PowerPlayPenalty Kill
Sean Couturier, Conor Garland, Tyler BertuzziNino Niederreiter, Derick BrassardDerick Brassard
Extra Defensemen
Normal PowerPlayPenalty Kill
Darnell Nurse, Oliver Ekman-Larsson, Jakob ChychrunOliver Ekman-Larsson, Jakob ChychrunDarnell Nurse
Penalty Shots
Sean Couturier, Tyler Bertuzzi, Conor Garland, Nino Niederreiter, Miles Wood
Goalie
Vitek Vanecek, Calvin Petersen
Custom OT Lines Forwards
Sean Couturier, Tyler Bertuzzi, Jakub Vrana, Conor Garland, Gustav Nyquist, Nino Niederreiter, Dustin Brown, Miles Wood, Derick Brassard, Drake Caggiula
Custom OT Lines Defensemen
Darnell Nurse, Jakob Chychrun, Oliver Ekman-Larsson, Sean Walker, Danny DeKeyser
Scratches
Zack Kassian (Healthy), Slater Koekkoek (Healthy), Mason Marchment (Healthy)


Play-by-Play

1st period


0:01 of 1st period - Sean Couturier wins face-off versus Mika Zibanejad in neutral zone.
0:04 of 1st period - Shot by Tyler Bertuzzi.
0:04 of 1st period - Stopped by Brian Elliott with a rebound.
0:24 of 1st period - Shot by Patrick Kane.
0:24 of 1st period - Stopped by Vitek Vanecek with a rebound.
0:26 of 1st period - Shot by Nathan MacKinnon.
0:26 of 1st period - Stopped by Vitek Vanecek with a rebound.
0:28 of 1st period - Shot by Mika Zibanejad.
0:28 of 1st period - Goal by Mika Zibanejad - Senateurs : 1 - Red Wings : 0.
0:29 of 1st period - Conor Garland wins face-off versus Scott Laughton in neutral zone.
0:31 of 1st period - Oliver Ekman-Larsson is hit by Adam Pelech and loses puck.
1:04 of 1st period - Shot by Scott Laughton.
1:04 of 1st period - Shot Misses the Net.
1:10 of 1st period - Shot by Scott Laughton.
1:10 of 1st period - Shot Misses the Net.
1:12 of 1st period - Shot by Scott Laughton.
1:12 of 1st period - Deflect By Jake Guentzel.
1:12 of 1st period - Shot Misses the Net.
1:26 of 1st period - Shot by Brandon Tanev.
1:26 of 1st period - Stopped by Vitek Vanecek without a rebound.
1:27 of 1st period - Derick Brassard wins face-off versus Nate Thompson in Red Wings zone.
1:27 of 1st period - Derick Brassard is hit by Paul Byron.
1:46 of 1st period - Shot by Miles Wood.
1:46 of 1st period - Deflect By Dustin Brown.
1:46 of 1st period - Stopped by Brian Elliott with a rebound.
1:48 of 1st period - Shot by Dustin Brown.
1:48 of 1st period - Shot Blocked by Brayden McNabb.
1:54 of 1st period - Shot by Dustin Brown.
1:54 of 1st period - Goal by Dustin Brown - Senateurs : 1 - Red Wings : 1.
1:55 of 1st period - Adam Lowry wins face-off versus Kyle Turris in neutral zone.
2:14 of 1st period - Shot by Kyle Turris.
2:14 of 1st period - Deflect By Drake Caggiula.
2:14 of 1st period - Shot Misses the Net.
2:22 of 1st period - Shot by Kyle Turris.
2:22 of 1st period - Stopped by Brian Elliott without a rebound.
2:23 of 1st period - Sean Couturier wins face-off versus Mika Zibanejad in Senateurs zone.
2:39 of 1st period - Jakub Vrana is hit by Brayden McNabb and loses puck.
2:42 of 1st period - Shot by Sean Couturier.
2:42 of 1st period - Stopped by Brian Elliott without a rebound.
2:43 of 1st period - Scott Laughton wins face-off versus Derick Brassard in Senateurs zone.
3:26 of 1st period - Shot by Jakob Chychrun.
3:26 of 1st period - Shot Blocked by Jake Guentzel.
3:28 of 1st period - Shot by Darnell Nurse.
3:28 of 1st period - Shot Misses the Net.
3:35 of 1st period - Icing by Brandon Montour.
3:36 of 1st period - Sean Couturier wins face-off versus Scott Laughton in Senateurs zone.
3:41 of 1st period - Shot by Sean Couturier.
3:41 of 1st period - Deflect By Jakub Vrana.
3:41 of 1st period - Shot Misses the Net.
3:53 of 1st period - Shot by Sean Couturier.
3:53 of 1st period - Shot Misses the Net.
3:55 of 1st period - Shot by Jack Johnson.
3:55 of 1st period - The goal is going for a video replay.
3:55 of 1st period - The goal is good.
3:55 of 1st period - Goal by Jack Johnson - Senateurs : 1 - Red Wings : 2.
3:56 of 1st period - Adam Lowry wins face-off versus Kyle Turris in neutral zone.
4:27 of 1st period - Shot by Drake Caggiula.
4:27 of 1st period - Stopped by Brian Elliott with a rebound.
4:29 of 1st period - Shot by Kyle Turris.
4:29 of 1st period - Stopped by Brian Elliott without a rebound.
4:30 of 1st period - Gustav Nyquist wins face-off versus Mika Zibanejad in Senateurs zone.
4:43 of 1st period - Shot by Gustav Nyquist.
4:43 of 1st period - Shot Blocked by Filip Hronek.
4:54 of 1st period - Nathan MacKinnon is hit by Oliver Ekman-Larsson and loses puck.
5:09 of 1st period - Shot by Conor Garland.
5:09 of 1st period - Shot Misses the Net.
5:11 of 1st period - Shot by Gustav Nyquist.
5:11 of 1st period - Shot Hit the Post.
5:13 of 1st period - Shot by Jack Johnson.
5:13 of 1st period - Goal by Jack Johnson - Senateurs : 1 - Red Wings : 3.
5:14 of 1st period - Nate Thompson wins face-off versus Sean Couturier in neutral zone.
5:41 of 1st period - Shot by Jakub Vrana.
5:41 of 1st period - Shot Blocked by Brent Burns.
5:53 of 1st period - Shot by Nate Thompson.
5:53 of 1st period - Shot Blocked by Jakob Chychrun.
5:55 of 1st period - Shot by Jacob Trouba.
5:55 of 1st period - Stopped by Vitek Vanecek with a rebound.
6:30 of 1st period - Shot by Nikolaj Ehlers.
6:30 of 1st period - Shot Misses the Net.
6:35 of 1st period - Brandon Tanev is hit by Sean Walker and loses puck.
6:47 of 1st period - Minor Penalty to Danny DeKeyser for Holding.
6:48 of 1st period - Drake Caggiula wins face-off versus Mika Zibanejad in Red Wings zone.
7:01 of 1st period - Off-side.
7:02 of 1st period - Mika Zibanejad wins face-off versus Sean Couturier in neutral zone.
7:02 of 1st period - Mika Zibanejad is hit by Sean Couturier.
7:26 of 1st period - Shot by Nathan MacKinnon.
7:26 of 1st period - Stopped by Vitek Vanecek with a rebound.
7:34 of 1st period - Shot by Mika Zibanejad.
7:34 of 1st period - Shot Blocked by Oliver Ekman-Larsson.
7:36 of 1st period - Shot by Jake Guentzel.
7:36 of 1st period - Stopped by Vitek Vanecek without a rebound.
7:37 of 1st period - Mathew Barzal wins face-off versus Drake Caggiula in Red Wings zone.
10:13 of 1st period - Shot by Brent Burns.
10:13 of 1st period - Shot Misses the Net.
10:39 of 1st period - Shot by Mathew Barzal.
10:39 of 1st period - Shot Blocked by Darnell Nurse.
10:53 of 1st period - Shot by Scott Laughton.
10:53 of 1st period - Stopped by Vitek Vanecek without a rebound.
10:54 of 1st period - Derick Brassard wins face-off versus Adam Lowry in Red Wings zone.
10:54 of 1st period - Derick Brassard is hit by Adam Lowry.
11:22 of 1st period - Shot by Danny DeKeyser.
11:22 of 1st period - Shot Blocked by Brandon Montour.
11:43 of 1st period - Off-side.
11:44 of 1st period - Sean Couturier wins face-off versus Scott Laughton in neutral zone.
11:49 of 1st period - Shot by Jakub Vrana.
11:49 of 1st period - Shot Misses the Net.
11:57 of 1st period - Shot by Jakub Vrana.
11:57 of 1st period - Stopped by Brian Elliott with a rebound.
12:03 of 1st period - Darnell Nurse is hit by Scott Laughton and loses puck.
12:20 of 1st period - Shot by Mathew Barzal.
12:20 of 1st period - Shot Misses the Net.
12:22 of 1st period - Shot by Scott Laughton.
12:22 of 1st period - Shot Blocked by Sean Couturier.
12:49 of 1st period - Patrick Kane is hit by Jack Johnson and loses puck.
13:10 of 1st period - Gustav Nyquist is hit by Brayden McNabb and loses puck.
14:28 of 1st period - Shot by Adam Lowry.
14:28 of 1st period - Shot Misses the Net.
14:39 of 1st period - Icing by Danny DeKeyser.
14:40 of 1st period - Scott Laughton wins face-off versus Derick Brassard in Red Wings zone.
15:41 of 1st period - Icing by Brandon Montour.
15:42 of 1st period - Paul Byron wins face-off versus Sean Couturier in Senateurs zone.
16:36 of 1st period - Icing by Brayden McNabb.
16:37 of 1st period - Patrick Kane wins face-off versus Gustav Nyquist in Senateurs zone.
16:37 of 1st period - Patrick Kane is hit by Nino Niederreiter.
16:57 of 1st period - Patrick Kane is hit by Jakob Chychrun and loses puck.
17:02 of 1st period - Shot by Mika Zibanejad.
17:02 of 1st period - Stopped by Vitek Vanecek without a rebound.
17:03 of 1st period - Adam Lowry wins face-off versus Kyle Turris in Red Wings zone.
17:06 of 1st period - Shot by Nikolaj Ehlers.
17:06 of 1st period - Deflect By Brandon Tanev.
17:06 of 1st period - Shot Misses the Net.
17:12 of 1st period - Shot by Nikolaj Ehlers.
17:12 of 1st period - Shot Misses the Net.
17:14 of 1st period - Shot by Jacob Trouba.
17:14 of 1st period - Stopped by Vitek Vanecek without a rebound.
17:15 of 1st period - Gustav Nyquist wins face-off versus Scott Laughton in Red Wings zone.
17:46 of 1st period - Shot by Mathew Barzal.
17:46 of 1st period - Shot Misses the Net.
18:18 of 1st period - Shot by Patrick Kane.
18:18 of 1st period - Deflect By Nathan MacKinnon.
18:18 of 1st period - Shot Misses the Net.
18:34 of 1st period - Icing by Brent Burns.
18:35 of 1st period - Mika Zibanejad wins face-off versus Drake Caggiula in Senateurs zone.
18:52 of 1st period - Shot by Tyler Ennis.
18:52 of 1st period - Shot Blocked by Jacob Trouba.
18:54 of 1st period - Shot by Sean Walker.
18:54 of 1st period - Stopped by Brian Elliott with a rebound.
18:56 of 1st period - Shot by Drake Caggiula.
18:56 of 1st period - Stopped by Brian Elliott without a rebound.
18:56 of 1st period - Minor Penalty to Brian Elliott for Slashing.
18:57 of 1st period - Adam Lowry wins face-off versus Gustav Nyquist in Senateurs zone.
19:03 of 1st period - Icing by Dustin Brown.
19:04 of 1st period - Gustav Nyquist wins face-off versus Adam Lowry in Red Wings zone.
19:12 of 1st period - Jakub Vrana is hit by Adam Pelech and loses puck.
19:19 of 1st period - Shot by Darnell Nurse.
19:19 of 1st period - Shot Misses the Net.
19:21 of 1st period - Shot by Jakob Chychrun.
19:21 of 1st period - Shot Misses the Net.
19:23 of 1st period - Shot by Dustin Brown.
19:23 of 1st period - Stopped by Brian Elliott without a rebound.
19:24 of 1st period - Sean Couturier wins face-off versus Adam Lowry in Senateurs zone.
19:37 of 1st period - Adam Pelech is hit by Sean Couturier and loses puck.
Goals for this period are 1 for Senateurs vs 3 for Red Wings.
Shots for this period are 10 for Senateurs vs 13 for Red Wings.

2nd period


0:01 of 2nd period - Sean Couturier wins face-off versus Adam Lowry in neutral zone.
0:10 of 2nd period - Shot by Jakob Chychrun.
0:10 of 2nd period - Shot Misses the Net.
0:14 of 2nd period - Shot by Sean Couturier.
0:14 of 2nd period - Stopped by Brian Elliott without a rebound.
0:15 of 2nd period - Gustav Nyquist wins face-off versus Adam Lowry in Senateurs zone.
0:15 of 2nd period - Gustav Nyquist is hit by Adam Pelech.
0:57 of 2nd period - Shot by Kyle Turris.
0:57 of 2nd period - Shot Blocked by Jacob Trouba.
1:11 of 2nd period - Shot by Nathan MacKinnon.
1:11 of 2nd period - Stopped by Vitek Vanecek with a rebound.
1:13 of 2nd period - Shot by Patrick Kane.
1:13 of 2nd period - Stopped by Vitek Vanecek without a rebound.
1:14 of 2nd period - Scott Laughton wins face-off versus Derick Brassard in Red Wings zone.
1:32 of 2nd period - Icing by Brayden McNabb.
1:33 of 2nd period - Kyle Turris wins face-off versus Scott Laughton in Senateurs zone.
2:08 of 2nd period - Shot by Mathew Barzal.
2:08 of 2nd period - Shot Blocked by Jack Johnson.
2:54 of 2nd period - Icing by Nikolaj Ehlers.
2:55 of 2nd period - Adam Lowry wins face-off versus Tyler Bertuzzi in Senateurs zone.
2:55 of 2nd period - Adam Lowry is hit by Tyler Bertuzzi.
3:01 of 2nd period - Shot by Nikolaj Ehlers.
3:01 of 2nd period - Shot Blocked by Jakob Chychrun.
3:03 of 2nd period - Shot by Jacob Trouba.
3:03 of 2nd period - Stopped by Vitek Vanecek with a rebound.
3:05 of 2nd period - Shot by Jacob Trouba.
3:05 of 2nd period - Shot Misses the Net.
3:07 of 2nd period - Shot by Adam Lowry.
3:07 of 2nd period - Stopped by Vitek Vanecek without a rebound.
3:08 of 2nd period - Mika Zibanejad wins face-off versus Gustav Nyquist in Red Wings zone.
3:15 of 2nd period - Minor Penalty to Nathan MacKinnon for Slashing.
3:16 of 2nd period - Paul Byron wins face-off versus Sean Couturier in Senateurs zone.
3:43 of 2nd period - Shot by Sean Couturier.
3:43 of 2nd period - Stopped by Brian Elliott without a rebound.
3:44 of 2nd period - Adam Lowry wins face-off versus Gustav Nyquist in Senateurs zone.
4:14 of 2nd period - Shot by Gustav Nyquist.
4:14 of 2nd period - Stopped by Brian Elliott without a rebound.
4:15 of 2nd period - Scott Laughton wins face-off versus Sean Couturier in Senateurs zone.
4:15 of 2nd period - Scott Laughton is hit by Tyler Bertuzzi.
4:27 of 2nd period - Shot by Conor Garland.
4:27 of 2nd period - Shot Misses the Net.
4:41 of 2nd period - Shot by Jakob Chychrun.
4:41 of 2nd period - Stopped by Brian Elliott without a rebound.
4:42 of 2nd period - Gustav Nyquist wins face-off versus Adam Lowry in Senateurs zone.
4:43 of 2nd period - Shot by Sean Walker.
4:43 of 2nd period - Stopped by Brian Elliott without a rebound.
4:44 of 2nd period - Adam Lowry wins face-off versus Gustav Nyquist in Senateurs zone.
4:44 of 2nd period - Adam Lowry is hit by Jakub Vrana.
5:13 of 2nd period - Jakub Vrana is hit by Scott Laughton and loses puck.
5:29 of 2nd period - Shot by Tyler Ennis.
5:29 of 2nd period - Stopped by Brian Elliott without a rebound.
5:30 of 2nd period - Scott Laughton wins face-off versus Gustav Nyquist in Senateurs zone.
5:41 of 2nd period - Shot by Mathew Barzal.
5:41 of 2nd period - Stopped by Vitek Vanecek without a rebound.
5:42 of 2nd period - Mika Zibanejad wins face-off versus Tyler Bertuzzi in Red Wings zone.
5:50 of 2nd period - Minor Penalty to Sean Walker for Tripping.
5:51 of 2nd period - Miles Wood wins face-off versus Mika Zibanejad in Red Wings zone.
6:26 of 2nd period - Shot by Brandon Montour.
6:26 of 2nd period - Shot Misses the Net.
6:39 of 2nd period - Icing by Brandon Montour.
6:40 of 2nd period - Drake Caggiula wins face-off versus Mika Zibanejad in Senateurs zone.
7:09 of 2nd period - Shot by Brent Burns.
7:09 of 2nd period - Stopped by Vitek Vanecek without a rebound.
7:10 of 2nd period - Drake Caggiula wins face-off versus Mathew Barzal in Red Wings zone.
7:10 of 2nd period - Darnell Nurse is hit by Scott Laughton and loses puck.
7:23 of 2nd period - Shot by Jake Guentzel.
7:23 of 2nd period - Stopped by Vitek Vanecek without a rebound.
7:24 of 2nd period - Drake Caggiula wins face-off versus Mathew Barzal in Red Wings zone.
7:30 of 2nd period - Icing by Scott Laughton.
7:31 of 2nd period - Mathew Barzal wins face-off versus Sean Couturier in Senateurs zone.
7:50 of 2nd period - Shot by Nikolaj Ehlers.
7:50 of 2nd period - Stopped by Vitek Vanecek without a rebound.
7:51 of 2nd period - Mika Zibanejad wins face-off versus Gustav Nyquist in Red Wings zone.
7:56 of 2nd period - Shot by Mika Zibanejad.
7:56 of 2nd period - Stopped by Vitek Vanecek without a rebound.
7:57 of 2nd period - Sean Couturier wins face-off versus Mika Zibanejad in Red Wings zone.
8:10 of 2nd period - Shot by Sean Couturier.
8:10 of 2nd period - Stopped by Brian Elliott without a rebound.
8:11 of 2nd period - Derick Brassard wins face-off versus Adam Lowry in Senateurs zone.
8:14 of 2nd period - Shot by Miles Wood.
8:14 of 2nd period - Stopped by Brian Elliott with a rebound.
8:16 of 2nd period - Shot by Oliver Ekman-Larsson.
8:16 of 2nd period - Stopped by Brian Elliott without a rebound.
8:17 of 2nd period - Sean Couturier wins face-off versus Adam Lowry in Senateurs zone.
8:30 of 2nd period - Shot by Nikolaj Ehlers.
8:30 of 2nd period - Shot Misses the Net.
8:32 of 2nd period - Shot by Adam Lowry.
8:32 of 2nd period - Shot Blocked by Jakob Chychrun.
8:49 of 2nd period - Jakub Vrana is hit by Jacob Trouba and loses puck.
9:01 of 2nd period - Icing by Tyler Bertuzzi.
9:02 of 2nd period - Sean Couturier wins face-off versus Mika Zibanejad in Red Wings zone.
9:08 of 2nd period - Off-side.
9:09 of 2nd period - Derick Brassard wins face-off versus Mika Zibanejad in neutral zone.
9:34 of 2nd period - Shot by Nathan MacKinnon.
9:34 of 2nd period - Shot Blocked by Jack Johnson.
9:44 of 2nd period - Shot by Dustin Brown.
9:44 of 2nd period - Stopped by Brian Elliott without a rebound.
9:45 of 2nd period - Gustav Nyquist wins face-off versus Scott Laughton in Senateurs zone.
11:07 of 2nd period - Jacob Trouba is hit by Sean Couturier.
11:17 of 2nd period - Shot by Nikolaj Ehlers.
11:17 of 2nd period - Shot Misses the Net.
11:19 of 2nd period - Shot by Adam Lowry.
11:19 of 2nd period - Deflect By Nikolaj Ehlers.
11:19 of 2nd period - Shot Blocked by Darnell Nurse.
11:21 of 2nd period - Shot by Brandon Tanev.
11:21 of 2nd period - Stopped by Vitek Vanecek with a rebound.
11:23 of 2nd period - Shot by Adam Lowry.
11:23 of 2nd period - Stopped by Vitek Vanecek with a rebound.
12:11 of 2nd period - Icing by Adam Pelech.
12:12 of 2nd period - Kyle Turris wins face-off versus Mika Zibanejad in Senateurs zone.
12:17 of 2nd period - Shot by Drake Caggiula.
12:17 of 2nd period - Stopped by Brian Elliott without a rebound.
12:18 of 2nd period - Tyler Ennis wins face-off versus Nate Thompson in Senateurs zone.
12:19 of 2nd period - Shot by Drake Caggiula.
12:19 of 2nd period - Stopped by Brian Elliott with a rebound.
12:21 of 2nd period - Shot by Tyler Ennis.
12:21 of 2nd period - Deflect By Drake Caggiula.
12:21 of 2nd period - Stopped by Brian Elliott without a rebound.
12:22 of 2nd period - Nate Thompson wins face-off versus Conor Garland in Senateurs zone.
12:35 of 2nd period - Shot by Gustav Nyquist.
12:35 of 2nd period - Stopped by Brian Elliott without a rebound.
12:36 of 2nd period - Adam Lowry wins face-off versus Sean Couturier in Senateurs zone.
12:52 of 2nd period - Shot by Tyler Bertuzzi.
12:52 of 2nd period - Deflect By Sean Couturier.
12:52 of 2nd period - Stopped by Brian Elliott without a rebound.
12:53 of 2nd period - Derick Brassard wins face-off versus Mika Zibanejad in Senateurs zone.
13:53 of 2nd period - Icing by Adam Pelech.
13:54 of 2nd period - Sean Couturier wins face-off versus Scott Laughton in Senateurs zone.
13:56 of 2nd period - Minor Penalty to Tyler Bertuzzi for Hooking.
13:56 of 2nd period - Minor Penalty to Adam Pelech for Tripping.
13:57 of 2nd period - Mika Zibanejad wins face-off versus Sean Couturier in Senateurs zone.
13:57 of 2nd period - Nathan MacKinnon is hit by Sean Couturier and loses puck.
14:42 of 2nd period - Shot by Sean Couturier.
14:42 of 2nd period - Stopped by Brian Elliott without a rebound.
14:43 of 2nd period - Derick Brassard wins face-off versus Mathew Barzal in Senateurs zone.
15:22 of 2nd period - Shot by Patrick Kane.
15:22 of 2nd period - Stopped by Vitek Vanecek without a rebound.
15:23 of 2nd period - Sean Couturier wins face-off versus Mika Zibanejad in Red Wings zone.
15:23 of 2nd period - Sean Couturier is hit by Nathan MacKinnon.
15:29 of 2nd period - Jacob Trouba is hit by Sean Couturier.
15:30 of 2nd period - Icing by Jacob Trouba.
15:31 of 2nd period - Sean Couturier wins face-off versus Mika Zibanejad in Senateurs zone.
15:34 of 2nd period - Shot by Sean Couturier.
15:34 of 2nd period - Shot Misses the Net.
15:48 of 2nd period - Shot by Nathan MacKinnon.
15:48 of 2nd period - Stopped by Vitek Vanecek without a rebound.
15:49 of 2nd period - Mathew Barzal wins face-off versus Sean Couturier in Red Wings zone.
15:58 of 2nd period - Shot by Drake Caggiula.
15:58 of 2nd period - Shot Misses the Net.
16:38 of 2nd period - Minor Penalty to Tyler Ennis for High sticking.
16:39 of 2nd period - Sean Couturier wins face-off versus Mika Zibanejad in Red Wings zone.
16:39 of 2nd period - Sean Couturier is hit by Mika Zibanejad.
17:15 of 2nd period - Shot by Mika Zibanejad.
17:15 of 2nd period - Stopped by Vitek Vanecek without a rebound.
17:16 of 2nd period - Drake Caggiula wins face-off versus Nikolaj Ehlers in Red Wings zone.
17:27 of 2nd period - Shot by Brandon Montour.
17:27 of 2nd period - Shot Misses the Net.
17:40 of 2nd period - Scott Laughton is hit by Jack Johnson and loses puck.
18:14 of 2nd period - Off-side.
18:15 of 2nd period - Mika Zibanejad wins face-off versus Sean Couturier in neutral zone.
18:51 of 2nd period - Off-side.
18:52 of 2nd period - Adam Lowry wins face-off versus Derick Brassard in neutral zone.
18:57 of 2nd period - Shot by Adam Lowry.
18:57 of 2nd period - Stopped by Vitek Vanecek with a rebound.
19:05 of 2nd period - Minor Penalty to Dustin Brown for Hooking.
19:06 of 2nd period - Drake Caggiula wins face-off versus Mika Zibanejad in Red Wings zone.
19:32 of 2nd period - Shot by Mika Zibanejad.
19:32 of 2nd period - Shot Misses the Net.
19:34 of 2nd period - Shot by Mika Zibanejad.
19:34 of 2nd period - Stopped by Vitek Vanecek without a rebound.
19:35 of 2nd period - Mathew Barzal wins face-off versus Sean Couturier in Red Wings zone.
19:48 of 2nd period - Shot by Nikolaj Ehlers.
19:48 of 2nd period - Stopped by Vitek Vanecek without a rebound.
19:49 of 2nd period - Drake Caggiula wins face-off versus Mika Zibanejad in Red Wings zone.
Goals for this period are 0 for Senateurs vs 0 for Red Wings.
Shots for this period are 17 for Senateurs vs 16 for Red Wings.

3rd period


0:01 of 3rd period - Sean Couturier wins face-off versus Patrick Kane in neutral zone.
0:01 of 3rd period - Sean Couturier is hit by Mika Zibanejad.
1:01 of 3rd period - Shot by Scott Laughton.
1:01 of 3rd period - Stopped by Vitek Vanecek without a rebound.
1:02 of 3rd period - Mathew Barzal wins face-off versus Drake Caggiula in Red Wings zone.
1:09 of 3rd period - Shot by Paul Byron.
1:09 of 3rd period - Shot Misses the Net.
1:12 of 3rd period - Minor Penalty to Paul Byron for Slashing.
1:13 of 3rd period - Gustav Nyquist wins face-off versus Adam Lowry in Senateurs zone.
1:20 of 3rd period - Shot by Oliver Ekman-Larsson.
1:20 of 3rd period - Stopped by Brian Elliott without a rebound.
1:21 of 3rd period - Sean Couturier wins face-off versus Adam Lowry in Senateurs zone.
1:21 of 3rd period - Conor Garland is hit by Brayden McNabb.
1:31 of 3rd period - Shot by Conor Garland.
1:31 of 3rd period - Shot Blocked by Jacob Trouba.
1:41 of 3rd period - Shot by Darnell Nurse.
1:41 of 3rd period - Shot Blocked by Brent Burns.
2:42 of 3rd period - Off-side.
2:43 of 3rd period - Gustav Nyquist wins face-off versus Adam Lowry in neutral zone.
2:50 of 3rd period - Shot by Jakub Vrana.
2:50 of 3rd period - Shot Blocked by Brayden McNabb.
3:58 of 3rd period - Adam Pelech is hit by Miles Wood and loses puck.
4:13 of 3rd period - Jakob Chychrun is hit by Patrick Kane and loses puck.
5:02 of 3rd period - Brent Burns is hit by Sean Couturier and loses puck.
5:09 of 3rd period - Shot by Tyler Bertuzzi.
5:09 of 3rd period - Stopped by Brian Elliott without a rebound.
5:10 of 3rd period - Adam Lowry wins face-off versus Gustav Nyquist in Senateurs zone.
5:10 of 3rd period - Adam Lowry is hit by Nino Niederreiter.
6:16 of 3rd period - Sean Walker is hit by Brent Burns and loses puck.
6:31 of 3rd period - Shot by Mathew Barzal.
6:31 of 3rd period - Shot Misses the Net.
6:33 of 3rd period - Shot by Jacob Trouba.
6:33 of 3rd period - Stopped by Vitek Vanecek without a rebound.
6:34 of 3rd period - Nate Thompson wins face-off versus Sean Couturier in Red Wings zone.
6:34 of 3rd period - Nate Thompson is hit by Oliver Ekman-Larsson.
7:02 of 3rd period - Jacob Trouba is hit by Tyler Bertuzzi and loses puck.
7:32 of 3rd period - Icing by Jake Guentzel.
7:33 of 3rd period - Derick Brassard wins face-off versus Scott Laughton in Senateurs zone.
7:42 of 3rd period - Shot by Dustin Brown.
7:42 of 3rd period - Shot Blocked by Adam Pelech.
7:48 of 3rd period - Darnell Nurse is hit by Scott Laughton and loses puck.
8:43 of 3rd period - Shot by Patrick Kane.
8:43 of 3rd period - Shot Misses the Net.
9:17 of 3rd period - Icing by Brandon Tanev.
9:18 of 3rd period - Sean Couturier wins face-off versus Adam Lowry in Senateurs zone.
9:21 of 3rd period - Shot by Tyler Bertuzzi.
9:21 of 3rd period - Shot Misses the Net.
9:26 of 3rd period - Icing by Nikolaj Ehlers.
9:27 of 3rd period - Adam Lowry wins face-off versus Sean Couturier in Senateurs zone.
9:34 of 3rd period - Shot by Jacob Trouba.
9:34 of 3rd period - Shot Misses the Net.
9:36 of 3rd period - Shot by Brandon Tanev.
9:36 of 3rd period - Shot Misses the Net.
10:14 of 3rd period - Icing by Sean Couturier.
10:15 of 3rd period - Scott Laughton wins face-off versus Sean Couturier in Red Wings zone.
10:22 of 3rd period - Shot by Mathew Barzal.
10:22 of 3rd period - Shot Misses the Net.
10:24 of 3rd period - Shot by Scott Laughton.
10:24 of 3rd period - Stopped by Vitek Vanecek without a rebound.
10:25 of 3rd period - Gustav Nyquist wins face-off versus Mika Zibanejad in Red Wings zone.
10:25 of 3rd period - Gustav Nyquist is hit by Patrick Kane.
10:33 of 3rd period - Shot by Oliver Ekman-Larsson.
10:33 of 3rd period - Shot Hit the Post.
11:53 of 3rd period - Jacob Trouba is hit by Miles Wood and loses puck.
12:12 of 3rd period - Dustin Brown is hit by Brandon Tanev and loses puck.
12:37 of 3rd period - Shot by Brandon Tanev.
12:37 of 3rd period - Shot Blocked by Danny DeKeyser.
13:24 of 3rd period - Shot by Sean Couturier.
13:24 of 3rd period - Stopped by Brian Elliott without a rebound.
13:25 of 3rd period - Gustav Nyquist wins face-off versus Nate Thompson in Senateurs zone.
13:25 of 3rd period - Gustav Nyquist is hit by Jacob Trouba.
14:26 of 3rd period - Icing by Mathew Barzal.
14:27 of 3rd period - Scott Laughton wins face-off versus Tyler Bertuzzi in Senateurs zone.
14:38 of 3rd period - Shot by Jakob Chychrun.
14:38 of 3rd period - Stopped by Brian Elliott without a rebound.
14:39 of 3rd period - Mika Zibanejad wins face-off versus Drake Caggiula in Senateurs zone.
14:58 of 3rd period - Shot by Nathan MacKinnon.
14:58 of 3rd period - Stopped by Vitek Vanecek without a rebound.
14:59 of 3rd period - Scott Laughton wins face-off versus Sean Couturier in Red Wings zone.
14:59 of 3rd period - Scott Laughton is hit by Danny DeKeyser.
15:22 of 3rd period - Mathew Barzal is hit by Sean Walker and loses puck.
15:32 of 3rd period - Minor Penalty to Sean Walker for Interference.
15:33 of 3rd period - Mika Zibanejad wins face-off versus Drake Caggiula in Red Wings zone.
15:36 of 3rd period - Shot by Patrick Kane.
15:36 of 3rd period - Stopped by Vitek Vanecek without a rebound.
15:37 of 3rd period - Drake Caggiula wins face-off versus Mika Zibanejad in Red Wings zone.
16:13 of 3rd period - Shot by Mika Zibanejad.
16:13 of 3rd period - Shot Blocked by Jack Johnson.
16:15 of 3rd period - Shot by Mika Zibanejad.
16:15 of 3rd period - Stopped by Vitek Vanecek without a rebound.
16:16 of 3rd period - Sean Couturier wins face-off versus Nikolaj Ehlers in Red Wings zone.
16:28 of 3rd period - Off-side.
16:29 of 3rd period - Drake Caggiula wins face-off versus Mathew Barzal in neutral zone.
16:35 of 3rd period - Icing by Mathew Barzal.
16:36 of 3rd period - Mathew Barzal wins face-off versus Sean Couturier in Senateurs zone.
17:12 of 3rd period - Sean Couturier is hit by Scott Laughton and loses puck.
17:43 of 3rd period - Conor Garland is hit by Mika Zibanejad and loses puck.
18:41 of 3rd period - Off-side.
18:42 of 3rd period - Derick Brassard wins face-off versus Adam Lowry in neutral zone.
18:50 of 3rd period - Shot by Brandon Tanev.
18:50 of 3rd period - Stopped by Vitek Vanecek without a rebound.
18:51 of 3rd period - Nate Thompson wins face-off versus Sean Couturier in Red Wings zone.
18:54 of 3rd period - Shot by Michael Bunting.
18:54 of 3rd period - Stopped by Vitek Vanecek without a rebound.
18:55 of 3rd period - Derick Brassard wins face-off versus Scott Laughton in Red Wings zone.
18:55 of 3rd period - Derick Brassard is hit by Scott Laughton.
19:00 of 3rd period - Icing by Oliver Ekman-Larsson.
19:01 of 3rd period - Miles Wood wins face-off versus Scott Laughton in Red Wings zone.
19:01 of 3rd period - Miles Wood is hit by Jake Guentzel.
19:12 of 3rd period - Shot by Jake Guentzel.
19:12 of 3rd period - Shot Misses the Net.
19:26 of 3rd period - Shot by Jake Guentzel.
19:26 of 3rd period - Deflect By Mathew Barzal.
19:26 of 3rd period - Shot Blocked by Oliver Ekman-Larsson.
19:43 of 3rd period - Mathew Barzal is hit by Oliver Ekman-Larsson and loses puck.
Goals for this period are 0 for Senateurs vs 0 for Red Wings.
Shots for this period are 8 for Senateurs vs 4 for Red Wings.